 Dungeon Crawl Stone Soup version 0.28-a0-613-g3e9935c (webtiles) character file.

Game seed: 11614617567996983660

1104 2tousent the Skirmisher (level 8, -1/58 HPs)
             Began as a Djinni Brigand on Oct 5, 2021.
             Was a Priest of Nemelex Xobeh.
             Killed from afar by Blork the orc (2 damage)
             ... with a puff of flame
             ... on level 5 of the Dungeon.
             The game lasted 00:16:56 (6627 turns).

2tousent the Skirmisher (Djinni Brigand)            Turns: 6627, Time: 00:16:57

Health: -1/58      AC:  4    Str: 10    XL:     8   Next: 58%
Gold:   178        EV: 14    Int: 15    God:    Nemelex Xobeh [***...] SH:  0 Dex: 21

rFire   + + .      SeeInvis .   a - +3 dagger
rCold   x . .      Faith    .   (no shield)
rNeg    . . .      Spirit   .   b - +0 robe
rPois   ∞          Reflect  .   m - +0 helmet
rElec   .          Harm     .   c - +0 cloak
rCorr   .          Rampage  .   (no gloves)
Will    .....                   (boots unavailable)
Stlth   +++.......              (no amulet)
HPRegen 0.19/turn               n - +6 ring of dexterity
MPRegen 0.00/turn               (no ring)

@: flying
A: sickness immunity, fire resistance 2, cold vulnerability 1, float, innate
caster, hp casting, extra vitality 1
a: Renounce Religion, Draw Escape, Draw Destruction, Draw Summoning, Triple Draw


You were on level 5 of the Dungeon.
You worshipped Nemelex Xobeh.
Nemelex Xobeh was most pleased with you.
You visited 1 branch of the dungeon, and saw 5 of its levels.

You collected 178 gold pieces.

Inventory:

Hand Weapons
 a - a +3 dagger (weapon)
Missiles
 d - 24 poisoned darts
 e - 2 curare-tipped darts
 o - 5 throwing nets
Armour
 b - a +0 robe (worn)
 c - a +0 cloak (worn)
 m - a +0 helmet (worn)
Jewellery
 f - a +6 ring of strength
 n - a +6 ring of dexterity (left hand)
 t - a +4 ring of protection
Wands
 q - a wand of polymorph (9)
Scrolls
 h - 6 scrolls of teleportation
 i - a scroll of magic mapping {unknown}
 l - 2 scrolls of enchant weapon
 s - a scroll of fear {unknown}
Potions
 g - 2 potions of brilliance
 j - 2 potions of curing
 k - 2 potions of heal wounds
 p - a potion of lignification
 r - a potion of degeneration {unknown}
 u - a potion of flight {unknown}


   Skills:
 * Level 4.9 Fighting
 - Level 1.7 Short Blades
 - Level 1.5 Throwing
 - Level 4.0 Dodging
 - Level 3.2 Stealth
 * Level 4.5 Spellcasting
 - Level 4.0 Invocations


You had 11 spell levels left.
You knew the following spells:

 Your Spells              Type           Power      Damage    Failure   Level
a - Magic Dart            Conj           68%        1d6       2%          1
b - Static Discharge      Conj/Air       17%        N/A       4%          2
c - Corpse Rot            Necr/Air       N/A        N/A       4%          2
Your spell library was empty.

Dungeon Overview and Level Annotations

Branches:
Dungeon (5/15)             Temple (0/1) D:4

Altars:
Nemelex Xobeh
Yredelemnul

Shops:
D:5 *

Annotations:
D:5 1 runed translucent door, Blork the orc, Crazy Yiuf


Innate Abilities, Weirdness & Mutations

You are immune to sickness and miasma.
You are immune to poison.
Your flesh is very heat resistant. (rF++)
You are vulnerable to cold. (rC-)
You float through the air rather than walking.
You learn spells naturally, not from books.
Your magical power is your life essence.
You have superior vitality. (+4 HP)


Message History

Blork the orc hits you with a +0 long sword!
* * * LOW HITPOINT WARNING * * *
Casting: Static Discharge (safe; 4% risk of failure)
Confirm with . or Enter, or press ? or * to list all spells.
Blork the orc is struck by an arc of lightning!
Blork the orc is almost dead.
The lightning grounds out.
* * * LOW HITPOINT WARNING * * *
Blork the orc looks braver for a moment.
You draw a card...
You have drawn Pain.
Press: ? - help, Shift-Dir - straight line, f - Blork the orc
Aim: Blork the orc, wielding a +0 long sword and wearing a +0 robe (almost dead, fast) Blork the orc convulses!
Blork the orc closely misses you. Blork the orc casts a spell at you.
The puff of frost hits you!
You feel a terrible chill!
* * * LOW HITPOINT WARNING * * *
Casting: Static Discharge (safe; 4% risk of failure)
Confirm with . or Enter, or press ? or * to list all spells.
Blork the orc is struck by an arc of lightning.
Blork the orc is almost dead.
You are struck by an arc of lightning.
* * * LOW HITPOINT WARNING * * *
The lightning grounds out.
* * * LOW HITPOINT WARNING * * *
Blork the orc misses you.
You don't have enough health to cast this spell.
You draw a card...
You have drawn Pain.
Press: ? - help, Shift-Dir - straight line, f/p - Blork the orc
Aim: Blork the orc, wielding a +0 long sword and wearing a +0 robe (almost dead, fast) Blork the orc closely misses you.
Blork the orc drinks a potion.
Blork the orc is healed!
You draw a card...
You have drawn Wild Magic.
Blork the orc looks rather nauseous for a moment!
Blork the orc is poisoned.
You feel a surge of magic.
Blork the orc points at you and mumbles some strange words.
The puff of flame hits you. You resist.
You die...
Your body glows slightly and disappears.

##############
#............#
#.##########.#
#.#####
##.####
#.....#
#.@...#
#.....#
#.#o#.#
#.#.#.#
#.....#
##.....#
#.#.#..#
#..#.#.#
#........
#......#
##.#...###
#..#####
#.##### #...#
#.# #.#.#


You could see Blork the orc (fast, poisoned).

Vanquished Creatures
  Sigmund (D:5)
  A necrophage (D:5)
  A kobold brigand (D:4)
  4 scorpions
  2 jellies
  A gnoll shaman (D:5)
  Terence (D:3)
  Natasha (thrice) (D:3)
  3 iguanas
  8 gnolls
  2 adders
  A worm (D:3)
  3 dart slugs
  10 orcs
  4 endoplasms
  6 giant cockroaches
  5 hobgoblins
  6 kobolds
  A quokka (D:4)
  8 ball pythons
  3 bats
  2 frilled lizards
  12 goblins
  7 rats
95 creatures vanquished.

Vanquished Creatures (collateral kills)
  Robin (D:3)
  7 goblins (D:3)
  3 hobgoblins (D:3)
11 creatures vanquished.

Grand Total: 106 creatures vanquished

Notes
Turn   | Place    | Note
-------+----------+-------------------------------------------
     0 | D:1      | 2tousent the Djinni Brigand began the quest for the Orb.
     0 | D:1      | Reached XP level 1. HP: 18/18 MP: 0/0
   151 | D:1      | Reached XP level 2. HP: 21/23 MP: 0/0
   367 | D:1      | Found a faded altar of an unknown god.
   472 | D:1      | Became a worshipper of Nemelex Xobeh the Trickster
   472 | D:1      | Reached * piety under Nemelex Xobeh
   903 | D:2      | Reached XP level 3. HP: 29/29 MP: 0/0
   903 | D:2      | Learned a level 1 spell: Magic Dart
  1012 | D:2      | Received a gift from Nemelex Xobeh
  1402 | D:2      | Received a gift from Nemelex Xobeh
  1407 | D:2      | Reached ** piety under Nemelex Xobeh
  2004 | D:3      | Reached XP level 4. HP: 23/35 MP: 0/0
  2265 | D:3      | Noticed a scorpion
  2916 | D:3      | Noticed Robin
  2995 | D:3      | Reached XP level 5. HP: 36/40 MP: 0/0
  2995 | D:3      | Learned a level 2 spell: Static Discharge
  3019 | D:3      | Killed Robin
  3020 | D:3      | Reached skill level 1 in Invocations
  3057 | D:3      | Noticed Natasha
  3060 | D:3      | Killed Natasha
  3071 | D:3      | Noticed Terence
  3076 | D:3      | Killed Terence
  3077 | D:3      | Reached skill level 1 in Spellcasting
  3441 | D:3      | Reached XP level 6. HP: 25/47 MP: 0/0
  3710 | D:3      | Noticed Natasha
  3715 | D:3      | Killed Natasha
  3756 | D:3      | Noticed Natasha
  3768 | D:3      | Killed Natasha
  3994 | D:4      | Received a gift from Nemelex Xobeh
  4318 | D:4      | Reached XP level 7. HP: 52/52 MP: 0/0
  4318 | D:4      | Learned a level 2 spell: Corpse Rot
  4344 | D:4      | Found a basalt altar of Yredelemnul.
  4364 | D:4      | Reached *** piety under Nemelex Xobeh
  4656 | D:4      | Found a staircase to the Ecumenical Temple.
  4828 | D:5      | Entered Level 5 of the Dungeon
  5384 | D:5      | Reached XP level 8. HP: 24/58 MP: 0/0
  5581 | D:5      | Found a runed translucent door.
  5582 | D:5      | Noticed Crazy Yiuf
  5852 | D:5      | Noticed Sigmund
  5887 | D:5      | Killed Sigmund
  6185 | D:5      | Found Cetongy's Mayhem Merchandise.
  6614 | D:5      | Noticed Blork the orc
  6625 | D:5      | HP: 1/58 [/static electricity (1)]
  6627 | D:5      | Killed from afar by Blork the orc

Illustrated notes

Levels and vault maps discovered:
D:1:      minmay_arrival_hallway, layout_basic,
          chequers_ecumenical_altar_simple_redux, minmay_tree_intersection
D:2:      layout_loops_corners
D:3:      layout_basic, hangedman_decor_points, uniq_robin, uniq_terence,
          uniq_natasha
D:4:      layout_cave_pools, mainiacjoe_overflow_alcove_2,
          minmay_temple_entry_enclosed_plants, serial_column_ruins,
          column_ruins_corridor_straight, column_ruins_corridor_straight,
          column_ruins_grid_3, column_ruins_grid_1, column_ruins_open_small
D:5:      layout_loops_ring, serial_co_window_serial, co_window_paths_a,
          co_window_of_opportunity_a, co_window_corner_a, co_window_corner_a,
          co_window_corner_a, co_window_of_opportunity_a, co_window_paths_a,
          co_window_corner_cb, co_window_broadway_c, co_window_paths_c,
          co_window_broadway_b, co_window_unsneaky_path_e, co_window_paths_d,
          glass_columns_c, glass_columns_a, glass_columns_a, glass_columns_a,
          minmay_shop_mayhem, uniq_blork_the_orc, uniq_sigmund, uniq_menkaure,
          uniq_crazy_yiuf_cottage

Skill      XL: |  1  2  3  4  5  6  7  8 |
---------------+-------------------------+-----
Dodging        | 2 3 4 |  4.0
Fighting       | 3 4 |  4.9
Invocations    | 1 2 4 |  4.0
Spellcasting   | 1 2 3 4 |  4.5
Short Blades   | |  1.7
Throwing       | |  1.5
Stealth        | |  3.2

Action                   |  1- 3 |  4- 6 |  7- 9 || total
-------------------------+-------+-------+-------++-------
Melee: Dagger            |    72 |    46 |    30 ||   148
Throw: Dart              |     1 |     2 |       ||     3
 Cast: Magic Dart        |    15 |    50 |     2 ||    67
       Static Discharge  |       |    15 |    51 ||    66
Invok: Draw Destruction  |       |     4 |     3 ||     7
       Draw Summoning    |       |     2 |       ||     2
       Draw Escape       |       |       |     1 ||     1
  Use: Scroll            |       |       |     8 ||     8
       Potion            |       |       |     1 ||     1
 Stab: Sleeping          |     8 |     4 |     8 ||    20
Armor: Robe              |    11 |     5 |     7 ||    23
Dodge: Dodged            |    39 |    46 |    42 ||   127

Table legend: (Time is in decaauts)
 A = Elapsed time spent in this place.
 B = Non-inter-level travel time spent in this place.
 C = Inter-level travel time spent in this place.
 D = Time resting spent in this place.
 E = Time spent auto-exploring this place.
 F = Levels seen in this place.
 G = Mean time per level.
                   A        B        C        D        E       F      G
               +--------+--------+--------+--------+--------+-----+--------+
         Total |   6603 |   6403 |    200 |    252 |   5245 |   5 | 1320.6 |
       Dungeon |   6603 |   6403 |    200 |    252 |   5245 |   5 | 1320.6 |
               +--------+--------+--------+--------+--------+-----+--------+

Top non-repeatable levels by time:
     D:3: 1811 daAuts
     D:5: 1490 daAuts
     D:2: 1266 daAuts
     D:4: 1140 daAuts
     D:1: 894 daAuts
